 Dungeon Crawl Stone Soup version 0.29.1-15-g9cfb28693d (webtiles) character file.

Game seed: 10507825019782654231

1016 issech the Basher (level 8, -8/70 HPs)
             Began as a Minotaur Monk on Feb 28, 2023.
             Killed by divine providence
             ... invoked by an orc priest
              (15 damage)
             ... on level 6 of the Dungeon.
             The game lasted 00:21:09 (4958 turns).

issech the Basher (Minotaur Monk)                   Turns: 4958, Time: 00:21:10

Health: -8/70      AC: 18    Str: 18    XL:     8   Next: 1%
Magic:  7/7        EV:  6    Int:  7    God:
Gold:   291        SH:  5    Dex: 13    Spells: 7/7 levels left

rFire   . . .      SeeInvis +   L - +2 flail (protect)
rCold   . . .      Faith    .   (no shield)
rNeg    . . .      Spirit   .   v - +0 plate armour
rPois   .          Reflect  +   (helmet restricted)
rElec   .          Harm     .   Q - +0 cloak
rCorr   +          Rampage  .   Y - +2 pair of gloves
Will    .....                   N - +0 pair of boots
Stlth   ..........              p - amulet of reflection
HPRegen 0.21/turn               t - ring of see invisible
MPRegen 0.10/turn               D - ring of resist corrosion

@: no status effects
A: horns 2, retaliatory headbutt
a: no special abilities


You were on level 6 of the Dungeon.
You visited 2 branches of the dungeon, and saw 7 of its levels.

You collected 291 gold pieces.

Inventory:

Hand Weapons
 a - a +0 long sword
 m - a +0 hand axe
 C - a +0 falchion
 L - a +2 flail of protection (weapon)
 P - a +2 quarterstaff of chaos
Missiles
 h - a throwing net (quivered)
 n - 23 stones
 y - 16 poisoned darts
 H - a boomerang
 I - 7 javelins
Armour
 e - a +0 chain mail
 v - a +0 plate armour (worn)
 N - a +0 pair of boots (worn)
 Q - a +0 cloak (worn)
 S - a +0 ring mail
 T - a +0 scale mail
 Y - a +2 pair of gloves (worn)
Jewellery
 b - a +6 ring of intelligence
 p - an amulet of reflection (around neck)
 t - a ring of see invisible (left hand)
 u - a ring of wizardry
 D - a ring of resist corrosion (right hand)
 F - a +6 ring of intelligence
Wands
 K - a wand of digging (7)
Scrolls
 d - 2 scrolls of enchant weapon
 g - 2 scrolls of enchant armour
 i - 2 scrolls of amnesia
 k - a scroll of poison
 l - a scroll of brand weapon
 x - 2 scrolls of magic mapping
 A - 4 scrolls of teleportation
 B - 2 scrolls of vulnerability {unknown}
 E - a scroll of immolation {unknown}
 U - a scroll of torment {unknown}
 V - 3 scrolls of fog {unknown}
Potions
 c - 2 potions of ambrosia
 f - 2 potions of attraction {unknown}
 o - a potion of invisibility {unknown}
 q - a potion of flight {unknown}
 r - 2 potions of mutation {unknown}
 s - a potion of might {unknown}
 z - a potion of lignification {unknown}
 G - a potion of cancellation {unknown}
 M - a potion of brilliance {unknown}
 O - a potion of magic {unknown}
 R - 2 potions of berserk rage {unknown}
 W - 3 potions of degeneration {unknown}
 X - a potion of curing {unknown}


   Skills:
 + Level 6.1 Fighting
 + Level 8.4 Maces & Flails
 + Level 5.1 Armour
 + Level 3.9 Dodging
 + Level 1.9 Stealth
 + Level 1.8 Shields


You had 7 spell levels left.
You didn't know any spells.
Your spell library contained the following spells:

 Spells                   Type           Power      Damage    Failure   Level
 Dazzling Flash           Conj/Hex       0%         N/A       100%        3
 Iskenderun's Mystic Bla  Conj/Tloc      0%         2d3       100%        4
 Olgreb's Toxic Radiance  Pois           0%         N/A       100%        4
 Starburst                Conj/Fire      0%         6d3       100%        6
 Ozocubu's Refrigeration  Ice            0%         4d7       100%        7
 Ignition                 Fire           0%         3d3       100%        8


Dungeon Overview and Level Annotations

Branches:
Dungeon (6/15)             Temple (1/1) D:5

Altars:
Ashenzari
Cheibriados
Elyvilon
Fedhas
Gozag
Kikubaaqudgha
Makhleb
Nemelex Xobeh
Okawaru
Qazlal
Ru
Sif Muna
Trog
Vehumet
Yredelemnul
Zin
The Shining One


Innate Abilities, Weirdness & Mutations

You have a pair of horns on your head.
You reflexively headbutt those who attack you in melee.


Message History

The black bear bites you but does no damage.
The black bear claws you but does no damage.
The black bear claws you.
* * * LOW HITPOINT WARNING * * *
The orc priest looks encouraged for a moment.
The black bear attacks as you move away!
The black bear bites you but does no damage.
The black bear claws you but does no damage. x2
The black bear attacks as you move away!
The black bear bites you but does no damage.
The black bear completely misses you. The black bear barely misses you.
The black bear attacks as you move away!
The black bear closely misses you. You furiously retaliate!
You headbutt the black bear! The black bear claws you.
* * * LOW HITPOINT WARNING * * *
The black bear claws you but does no damage.
The black bear attacks as you move away!
You block the black bear's attack.
The black bear claws you but does no damage. x2
The black bear attacks as you move away!
The black bear bites you but does no damage.
The black bear closely misses you.
The black bear claws you but does no damage.
The black bear attacks as you move away!
The black bear bites you but does no damage.
The black bear barely misses you. You block the black bear's attack.
The black bear attacks as you move away!
The black bear completely misses you. You furiously retaliate!
You headbutt the black bear, but do no damage.
The black bear claws you but does no damage.
The black bear barely misses you.
The black bear attacks as you move away!
The black bear closely misses you.
The black bear claws you but does no damage. x2
The black bear attacks as you move away!
You block the black bear's attack.
The black bear claws you but does no damage. x2
The orc priest mumbles some strange prayers to Beogh against you.
Beogh smites you!
You die...

#.##.### #....†.# #....#.#
####.#.############## #.#...#..
........ #.#...#.# #####.
#.#...#.# #.....
################.......#####.###.
..........o..hoh@...............>
.################.#.<#######.###.
## #.#.## #.# #. #.#.. #.# #.
#.#... ..###. #.#.#.. #.#...
#.#.#..# ..#.#. #.#.#..# #.#.#.
#...


You could see 2 black bears, an orc priest and an orc.

Vanquished Creatures
  2 black bears (D:6)
  A phantom (D:6)
  4 scorpions (D:5)
  An orc priest (D:3)
  A jelly (D:6)
  Crazy Yiuf (D:3)
  3 iguanas
  4 orc wizards
  6 gnolls
  9 adders
  An ufetubus (D:5)
  A dart slug (D:2)
  17 orcs
  11 ball pythons
  10 endoplasms
  2 giant cockroaches
  9 goblins
  6 hobgoblins
  3 quokkas
  5 bats
  6 frilled lizards
  4 kobolds
  6 rats
113 creatures vanquished.

Vanquished Creatures (others)
  18 plants (D:3)
18 creatures vanquished.

Grand Total: 131 creatures vanquished

Notes
Turn   | Place    | Note
-------+----------+-------------------------------------------
     0 | D:1      | issech the Minotaur Monk began the quest for the Orb.
     0 | D:1      | Reached XP level 1. HP: 19/19 MP: 0/0
   194 | D:1      | Reached XP level 2. HP: 17/27 MP: 1/1
   196 | D:1      | Reached skill level 4 in Maces & Flails
   775 | D:2      | Reached XP level 3. HP: 30/33 MP: 2/2
  1076 | D:2      | Reached XP level 4. HP: 40/41 MP: 3/3
  1358 | D:2      | Reached skill level 5 in Maces & Flails
  1663 | D:3      | Reached skill level 1 in Armour
  2010 | D:3      | Reached XP level 5. HP: 37/47 MP: 4/4
  2244 | D:3      | Reached skill level 5 in Fighting
  2396 | D:3      | Found a runed translucent door.
  2397 | D:3      | Noticed Crazy Yiuf
  2897 | D:3      | Killed Crazy Yiuf
  3087 | D:4      | Reached XP level 6. HP: 49/56 MP: 5/5
  3097 | D:4      | Reached skill level 6 in Maces & Flails
  3244 | D:4      | Found an opulent altar of Gozag.
  3507 | D:4      | Found a white marble altar of Elyvilon.
  3716 | D:5      | Entered Level 5 of the Dungeon
  3820 | D:5      | Found a staircase to the Ecumenical Temple.
  3829 | D:5      | Reached skill level 1 in Shields
  3862 | Temple   | Entered the Ecumenical Temple
  4239 | D:5      | Reached XP level 7. HP: 60/62 MP: 6/6
  4329 | D:5      | Found a shimmering blue altar of Sif Muna.
  4426 | D:5      | Found a sacrificial altar of Ru.
  4436 | D:5      | Reached skill level 7 in Maces & Flails
  4867 | D:6      | Reached skill level 8 in Maces & Flails
  4909 | D:6      | Reached skill level 5 in Armour
  4909 | D:6      | Reached XP level 8. HP: 60/70 MP: 7/7
  4958 | D:6      | Killed from afar by an orc priest

Illustrated notes

Levels and vault maps discovered:
D:1:      eino_arrival_cavern_e, layout_basic, minmay_statues_item
D:2:      minmay_evil_eye, layout_basic
D:3:      layout_loops_ring, grunt_ministairs_11, nicolae_grassy_gnolls,
          uniq_crazy_yiuf_cottage
D:4:      layout_basic, nicolae_gozag_cash_rules_everything_around_me,
          elyvilon_altar_5
D:5:      layout_loops_ring, hangedman_ru_absence, mainiacjoe_overflow_catwalk,
          minmay_temple_entry_statues_fountains, item_on_display_a
D:6:      layout_basic, uniq_edmund
Temple:   compressed_dpeg_triangle_lava_temple

Skill      XL: |  1  2  3  4  5  6  7 |
---------------+----------------------+-----
Maces & Flails | 4 5 6 8 |  8.4
Fighting       | 4 5 6 |  6.1
Armour         | 1 2 4 5 |  5.1
Shields        | 1 |  1.8
Dodging        | |  3.9
Stealth        | |  1.9

Action                   |  1- 3 |  4- 6 |  7- 9 || total
-------------------------+-------+-------+-------++-------
Melee: Mace              |    66 |    95 |       ||   161
       Headbutt          |    10 |    22 |     8 ||    40
       Flail             |       |    76 |    56 ||   132
       Punch             |       |     2 |     1 ||     3
  Use: Scroll            |       |     6 |     1 ||     7
Armor: Chain mail        |    56 |     2 |       ||    58
       Plate armour      |       |    95 |    85 ||   180
Dodge: Dodged            |    34 |    49 |    31 ||   114
Block: Other             |     8 |    34 |    19 ||    61
       Reflection        |       |     1 |       ||     1
